 Dungeon Crawl Stone Soup version 0.28-a0-305-g9e858e973b (webtiles) character file.

Game seed: 11001750027704876578

2734 dolemite99 the Cleaver (level 9, -5/78 HPs)
             Began as a Hill Orc Cinder Acolyte on Aug 30, 2021.
             Was an Initiate of Gozag.
             Slain by a fire elemental (6 damage)
             ... created by the fiery vengeance of Ignis
             ... on level 6 of the Dungeon.
             The game lasted 00:12:39 (9120 turns).

dolemite99 the Cleaver (Hill Orc Cinder Acolyte)    Turns: 9120, Time: 00:12:40

Health: -5/78      AC: 20    Str: 21    XL:     9   Next: 67%
Magic:  10/10      EV: 10    Int: 13    God:    Gozag
Gold:   247        SH:  0    Dex:  6    Spells: 9/10 levels left

rFire   . . .      SeeInvis .   j - +5 dire flail (protect)
rCold   + . .      Faith    .   (shield currently unavailable)
rNeg    . . .      Spirit   .   y - +5 ring mail "Oxzonaox" {rPois rC+ Will+}
rPois   +          Reflect  .   v - +2 hat
rElec   .          Harm     .   (no cloak)
rCorr   .          Rampage  .   k - +0 pair of gloves
Will    +....                   (no boots)
Stlth   ..........              f - amulet of the acrobat
HPRegen 0.23/turn               (no ring)
MPRegen 0.12/turn               (no ring)

@: gold aura, under a protective aura, fire susceptible
A: no striking features
a: Renounce Religion, Potion Petition, Call Merchant, Bribe Branch


You were on level 6 of the Dungeon.
You worshipped Gozag.
Gozag was aware of your devotion.
You visited 2 branches of the dungeon, and saw 8 of its levels.

You collected 339 gold pieces.
You spent 38 gold pieces at shops.
You paid 54 gold pieces to Gozag.

Inventory:

Hand Weapons
 a - a -1 hand axe of flaming
 b - a +0 hunting sling
 j - a +5 dire flail of protection (weapon)
Missiles
 c - 5 atropa-tipped darts
 l - 45 sling bullets
 m - 18 bolts
 o - 81 stones
 p - 8 poisoned darts
 t - 31 arrows
Armour
 k - a +0 pair of gloves (worn)
 v - a +2 hat (worn)
 y - the +5 ring mail "Oxzonaox" (worn) {rPois rC+ Will+}
   (You found it on level 6 of the Dungeon)

   rC:        It protects you from cold.
   rPois:     It protects you from poison.
   Will:      It increases your willpower.
Jewellery
 e - a ring of willpower
 f - an amulet of the acrobat (around neck)
 u - an amulet of magic regeneration
 w - a ring of willpower
Wands
 x - a wand of acid (6)
Scrolls
 q - 3 scrolls of identify {@r1}
 r - a scroll of blinking
Potions
 i - a potion of curing
 n - 2 potions of heal wounds {unknown}


   Skills:
 + Level 6.5 Fighting
 - Level 10.8(12.0) Axes
 - Level 7.4(9.5) Maces & Flails
 - Level 1.0 Spellcasting
 - Level 1.1 Fire Magic
 - Level 6.0 Evocations


You had 9 spell levels left.
You knew the following spells:

 Your Spells              Type           Power      Damage    Failure   Level
a - Foxfire               Conj/Fire      8%         2x1d4     36%         1

Your spell library contained the following spells:

 Spells                   Type           Power      Damage    Failure   Level
 Sublimation of Blood     Necr           0%         N/A       56%         2
 Wereblood                Tmut           0%         N/A       56%         2
 Summon Hydra             Summ           0%         N/A       100%        7


Dungeon Overview and Level Annotations

Branches:
Dungeon (7/15)             Temple (1/1) D:4

Altars:
Ashenzari
Cheibriados
Dithmenos
Gozag
Hepliaklqana
Kikubaaqudgha
Makhleb
Nemelex Xobeh
Qazlal
Ru
Sif Muna
Trog
Uskayaw
Vehumet
Xom
Yredelemnul
Zin
The Shining One

Shops:
D:2 *

Annotations:
D:4 3 runed translucent doors, siradein's ghost, amateur MiBe


Message History

The fire elemental burns you!
You puncture the wyvern zombie!
The wyvern zombie is heavily damaged.
The wyvern zombie closely misses you. The fire elemental closely misses you.
You barely miss the wyvern zombie.
The wyvern zombie is heavily damaged.
The wyvern zombie completely misses you.
The fire elemental hits you. The fire elemental burns you!
You hit the gnoll.
The gnoll is moderately wounded.
The fire elemental hits you. The fire elemental burns you!
You hit the gnoll.
The gnoll is heavily wounded.
The fire elemental misses you. The gnoll barely misses you.
The fire elemental hits you. The fire elemental burns you!
* * * LOW HITPOINT WARNING * * *
You completely miss the gnoll.
The gnoll is heavily wounded.
The gnoll misses you. The fire elemental hits you.
The fire elemental burns you!
* * * LOW HITPOINT WARNING * * *
You sock the gnoll!
You kill the gnoll!
The fire elemental barely misses you.
You hit the wyvern zombie.
The wyvern zombie is heavily damaged.
The wyvern zombie bites you but does no damage.
The fire elemental hits you. The fire elemental burns you!
* * * LOW HITPOINT WARNING * * *
You barely miss the wyvern zombie.
The wyvern zombie is heavily damaged.
The wyvern zombie bites you.
* * * LOW HITPOINT WARNING * * *
The fire elemental closely misses you.
You hit the wyvern zombie but do no damage.
The wyvern zombie is heavily damaged.
The wyvern zombie barely misses you. The fire elemental hits you.
The fire elemental burns you!
You die...
Your body crumbles into a pile of gold.

##.....######....######
#...... ...#####
##.##..)...#####...... .....#
#..#######........<... ####.#
###.#########........... #
...###.............#######..#
#####.....<#.#..######...#
##<. ......####>....## ###.##
##. .########......##### #..#
###. .######....###.Z@EE#
##.# #... .##.....##.#
#####.######.####...
.......##.g# #.....##...##...
.#.###....## #####...##.##...
...# ##..###### ##.......##.
..#####........ #....##..#.
......#.######.
..###....###... ........#
#........# ##.. ..$...###
#####....####..


You could see 2 fire elementals and a wyvern zombie.

Vanquished Creatures
  A komodo dragon (D:6)
  Grinder (D:3)
  4 yaks
  A steam dragon (D:5)
  Edmund (D:4)
  2 black bears
  2 ogres
  A phantom (D:5)
  2 gnoll sergeants
  A bullfrog (D:6)
  A wyvern zombie (D:6)
  A water moccasin zombie (D:5)
  A howler monkey (D:5)
  2 jellies (D:5)
  A centaur zombie (D:4)
  A hound (D:5)
  A gnoll shaman (D:5)
  4 orc priests
  A centaur skeleton (D:6)
  An iguana (D:3)
  Natasha (thrice) (D:4)
  An orc wizard (D:5)
  A killer bee zombie (D:7)
  A hound skeleton (D:4)
  13 gnolls
  3 adders (D:2)
  A white imp (D:4)
  A worm (D:2)
  4 dart slugs
  16 orcs
  7 ball pythons
  6 endoplasms
  4 giant cockroaches
  4 goblins
  9 hobgoblins
  A quokka (D:2)
  3 bats
  4 frilled lizards
  7 kobolds
  4 rats
123 creatures vanquished.

Vanquished Creatures (others)
  A shadow imp (D:5)
  90 foxfires
  4 plants
95 creatures vanquished.

Grand Total: 218 creatures vanquished

Notes
Turn   | Place    | Note
-------+----------+-------------------------------------------
     0 | D:1      | dolemite99 the Hill Orc Cinder Acolyte began the quest for
                  | the Orb.
     0 | D:1      | Reached XP level 1. HP: 19/19 MP: 2/2
   438 | D:1      | Reached XP level 2. HP: 23/26 MP: 3/3
   655 | D:1      | Reached skill level 5 in Axes
  1151 | D:1      | Reached XP level 3. HP: 31/31 MP: 4/4
  1214 | D:1      | Found a faded altar of an unknown god.
  2060 | D:2      | Reached skill level 6 in Axes
  2228 | D:2      | Found a snail-covered altar of Cheibriados.
  2398 | D:2      | Found Uvodifig's Assorted Antiques.
  2406 | D:2      | Bought a cyan potion for 19 gold pieces
  2414 | D:2      | Reached XP level 4. HP: 35/39 MP: 5/5
  3032 | D:3      | Reached skill level 7 in Axes
  3032 | D:3      | Reached skill level 1 in Evocations
  3088 | D:3      | Found a sparkling altar of Nemelex Xobeh.
  3106 | D:3      | Noticed Grinder
  3116 | D:3      | Killed Grinder
  3117 | D:3      | Reached skill level 8 in Axes
  3117 | D:3      | Reached XP level 5. HP: 24/45 MP: 6/6
  3117 | D:3      | Reached XP level 6. HP: 27/51 MP: 7/7
  3791 | D:4      | Noticed a yak
  4240 | D:4      | Killed a yak
  4241 | D:4      | Reached XP level 7. HP: 10/57 MP: 8/8
  4643 | D:4      | Noticed a yak
  4644 | D:4      | Noticed a yak
  4652 | D:4      | Noticed a yak
  4665 | D:4      | Killed a yak
  4666 | D:4      | Reached skill level 9 in Axes
  4675 | D:3      | Killed a yak
  5364 | D:2      | Bought a smoky amethyst potion for 19 gold pieces
  5529 | D:4      | Found a runed translucent gate.
  5530 | D:4      | Found a runed translucent gate.
  5530 | D:4      | Found a runed translucent gate.
  5571 | D:4      | Found a staircase to the Ecumenical Temple.
  5581 | Temple   | Entered the Ecumenical Temple
  5714 | D:4      | Noticed Natasha
  5730 | D:4      | Killed Natasha
  5731 | D:4      | Reached skill level 5 in Evocations
  5812 | D:4      | Noticed Natasha
  5815 | D:4      | Killed Natasha
  5995 | D:4      | Noticed Natasha
  6000 | D:4      | Killed Natasha
  6001 | D:4      | Reached XP level 8. HP: 62/64 MP: 9/9
  6070 | D:4      | Reached skill level 10 in Axes
  6108 | D:4      | Noticed siradein's ghost (amateur MiBe)
  6296 | D:4      | Killed a yak
  6452 | D:4      | Noticed Edmund
  6464 | D:4      | Killed Edmund
  6662 | D:4      | Reached skill level 1 in Maces & Flails
  7225 | D:5      | Entered Level 5 of the Dungeon
  7488 | D:5      | Reached skill level 5 in Maces & Flails
  7488 | D:5      | Reached XP level 9. HP: 16/70 MP: 10/10
  8198 | Temple   | Fell from the grace of Ignis
  8198 | Temple   | Became a worshipper of Gozag Ym Sagoz the Greedy
  8487 | D:5      | You fall into a shaft and drop 1 floor!
  8560 | D:6      | Found a broken altar of Ashenzari.
  8577 | D:6      | Found a shimmering altar of Xom.
  8584 | D:6      | Found a glowing silver altar of Zin.
  8788 | D:6      | Found a hide-covered altar of Uskayaw.
  8797 | D:6      | Noticed a +0 dagger
  8797 | D:6      | Noticed a +0 dagger
  8814 | D:6      | Identified the +5 ring mail "Oxzonaox" {rPois rC+ Will+}
  8910 | D:6      | Noticed a komodo dragon
  8921 | D:6      | Killed a komodo dragon
  8922 | D:6      | Reached skill level 5 in Fighting
  9011 | D:6      | You fall into a shaft and drop 1 floor!
  9119 | D:6      | HP: 1/78 [wyvern zombie (4)]
  9120 | D:6      | Slain by a fire elemental

Illustrated notes

Levels and vault maps discovered:
D:1:      dpeg_arrival_orchard, layout_loops_ring, basic_ecumenical_altar,
          serial_bayou_ford_a
D:2:      layout_loops_ring, basic_altar, serial_shops,
          nicolae_shop_overgrown_old_shop, grunt_ministairs_7
D:3:      layout_basic, mainiacjoe_overflow_paths, uniq_grinder
D:4:      layout_basic, temple_fountains, gammafunk_ghost_split,
          kennysheep_donut, lightli_minifort, uniq_edmund, uniq_natasha
D:5:      layout_basic, okawaru_trees_2, enter_ossuary_5, serial_corexii_hall,
          corexii_hall_statues_i, corexii_hall_statues_t,
          chequers_hall_statues_wall_a, minmay_misc_feat_rugged
D:6:      minmay_clustersquares, layout_rooms, dancing_weapons_uskayaw,
          grunt_temple_overflow_diamond
D:7:      layout_gridville, nicolae_overflow_crystal_walls, lemuel_round_altar
Temple:   dshaligram_water_room_temple

Skill      XL: |  1  2  3  4  5  6  7  8  9 |
---------------+----------------------------+-----
Axes           | 5 6 8 9 10 | 10.8
Evocations     | 3 5 6 |  6.0
Maces & Flails | 5 7 |  7.4
Fighting       | 6 |  6.5
Spellcasting   | |  1.0
Fire Magic     | |  1.1

Action                   |  1- 3 |  4- 6 |  7- 9 || total
-------------------------+-------+-------+-------++-------
Melee: Hand axe          |   147 |    41 |    59 ||   247
       Dire flail        |       |       |   190 ||   190
 Fire: Hunting sling     |       |    28 |       ||    28
 Cast: Foxfire           |     1 |       |       ||     1
Invok: Foxfire Swarm     |       |     1 |     6 ||     7
       Sea of Fire       |       |     1 |     1 ||     2
       Rising Flame      |       |     1 |       ||     1
Evoke: Wand              |       |     1 |     7 ||     8
  Use: Scroll            |     3 |     1 |     1 ||     5
       Potion            |       |     4 |     2 ||     6
 Stab: Invisible         |       |     1 |       ||     1
Armor: Robe              |     3 |       |       ||     3
       Scale mail        |    19 |       |       ||    19
       Chain mail        |    50 |    19 |   144 ||   213
       Skin              |       |    10 |       ||    10
       Ring mail         |       |       |    38 ||    38
Dodge: Dodged            |    74 |    13 |   146 ||   233

Table legend: (Time is in decaauts)
 A = Elapsed time spent in this place.
 B = Non-inter-level travel time spent in this place.
 C = Inter-level travel time spent in this place.
 D = Time resting spent in this place.
 E = Time spent auto-exploring this place.
 F = Levels seen in this place.
 G = Mean time per level.
                   A        B        C        D        E       F      G
               +--------+--------+--------+--------+--------+-----+--------+
         Total |   9130 |   8647 |    483 |   3367 |   3643 |   8 | 1141.2 |
       Dungeon |   8860 |   8413 |    447 |   3367 |   3543 |   7 | 1265.7 |
        Temple |    269 |    233 |     36 |      0 |    100 |   1 |  269.0 |
               +--------+--------+--------+--------+--------+-----+--------+

Top non-repeatable levels by time:
     D:4: 2494 daAuts
     D:3: 2202 daAuts
     D:1: 1421 daAuts
     D:2: 1325 daAuts
     D:5: 794 daAuts
     D:6: 583 daAuts
  Temple: 269 daAuts
     D:7: 38 daAuts
